 Dungeon Crawl Stone Soup version 0.27-a0-695-gb4952372f7 (webtiles) character file.

Game seed: 17446465035705962052

7397 DasRunzen the Destroyer (level 10, -2/84 HPs)
             Began as a Demigod Conjurer on Mar 22, 2021.
             Killed from afar by an acid dragon (15 damage)
             ... with a splash of acid
             ... summoned by an orange crystal statue
             ... on level 11 of the Dungeon.
             The game lasted 00:29:56 (11907 turns).

DasRunzen the Destroyer (Demigod Conjurer)         Turns: 11907, Time: 00:29:57

Health: -2/84      AC:  2    Str: 14    XL:     10   Next: 61%
Magic:  6/23       EV: 15    Int: 20    God:
Gold:   720        SH:  0    Dex: 16    Spells: 19/22 levels left

rFire    + + .     SeeInvis +   i - +4 long sword (freeze)
rCold    . . .     Faith    .   (no shield)
rNeg     . . .     Spirit   .   v - +0 troll leather armour {Purgy}
rPois    .         Reflect  .   u - +2 hat
rElec    .         Harm     .   q - +0 cloak
rCorr    .         Rampage  +   (no gloves)
Will     +....     Clarity  +   g - +1 pair of boots of Pathos {Rampage rF++ Str-2 SInv}
Stlth    ++........             (no amulet)
HPRegen  0.00/turn              (no ring)
MPRegen  0.18/turn              (no ring)

@: corroded
A: high mp 1, forlorn, clarity, inhibited regeneration
a: no special abilities


You were on level 11 of the Dungeon.
You visited 1 branch of the dungeon, and saw 11 of its levels.
You also visited: Sewer.

You collected 743 gold pieces.
You spent 23 gold pieces at shops.

Inventory:

Hand Weapons
 i - a +4 long sword of freezing (weapon)
 n - the +3 mace "Undertaker" {drain, *Corrode Str+4 SInv}
   (You found it on level 4 of the Dungeon)

   A truly terrible weapon, it drains the life of those it strikes.
   It affects your strength (+4).
   It lets you see invisible.
   It may corrode you when you take damage.
Armour
 g - the +1 pair of boots of Pathos (worn) {Rampage rF++ Str-2 SInv}
   (You acquired it on level 3 of the Dungeon)

   It affects your strength (-2).
   It greatly protects you from fire.
   It lets you see invisible.
   It bestows one free step when moving towards enemies.
 q - a +0 cloak (worn)
 u - a +2 hat (worn)
 v - a +0 troll leather armour (worn) {Purgy}
Wands
 b - a wand of random effects (16)
 c - a wand of flame (22)
 l - a wand of mindburst (7)
 m - a wand of iceblast (25)
 x - a wand of paralysis (21)
Scrolls
 a - 5 scrolls of fear
 j - 10 scrolls of teleportation
 p - a scroll of amnesia
 r - 3 scrolls of magic mapping
 w - a scroll of blinking
Potions
 d - 4 potions of ambrosia
 e - 2 potions of brilliance
 f - a potion of magic
 h - 2 potions of might
 k - a potion of resistance
 o - a potion of flight
 s - a potion of curing
 t - 2 potions of heal wounds {unknown}


   Skills:
 + Level 6.7 Fighting
 + Level 6.8 Armour
 + Level 7.1 Dodging
 - Level 1.7 Stealth
 + Level 6.5 Spellcasting
 * Level 8.0 Conjurations


You had 19 spell levels left.
You knew the following spells:

 Your Spells              Type           Power      Damage    Failure   Level
a - Magic Dart            Conj           100%       1d8       1%          1
b - Searing Ray           Conj           76%        3d6       1%          2

Your spell library contained the following spells:

 Spells                   Type           Power      Damage    Failure   Level
 Dazzling Flash           Conj/Hex       44%        N/A       7%          3
 Animate Skeleton         Necr           12%        N/A       12%         1
 Apportation              Tloc           12%        N/A       12%         1
 Corona                   Hex            6%         N/A       12%         1
 Summon Small Mammal      Summ           24%        N/A       12%         1
 Iskenderun's Battlesphe  Conj           38%        2d9       12%         5
 Ensorcelled Hibernation  Hex/Ice        12%        N/A       19%         2
 Fulminant Prism          Conj/Hex       11%        3d9       22%         4
 Iskenderun's Mystic Bla  Conj/Tloc      22%        2d6       22%         4
 Confusing Touch          Hex            6%         N/A       34%         3
 Tukima's Dance           Hex            6%         N/A       34%         3
 Bolt of Magma            Conj/Fire/Erth 8%         4d6       73%         5
 Iron Shot                Conj/Erth      11%        9d3       98%         6
 Orb of Destruction       Conj           19%        9d8       98%         7
 Spellforged Servitor     Conj/Summ      11%        N/A       100%        7


Dungeon Overview and Level Annotations

Branches:
Dungeon (11/15)            Temple (0/1) D:4            Lair (0/6) D:11
  Sewer (visited)
    Orc: D:9-12

Shops:
D:11 *

Annotations:
D:11 exclusion: orange crystal statue


Innate Abilities, Weirdness & Mutations

Your attributes grow dramatically as you level up.
You have an increased reservoir of magic. (+10% MP)
You shall have no god before yourself.
You possess an exceptional clarity of mind.
You do not regenerate when monsters are visible.


Message History

The acid dragon is moderately wounded.
You feel sick. The acid dragon barely misses you. x3
The acid dragon closely misses you.
You hit the acid dragon. You freeze the acid dragon.
The acid dragon is heavily wounded.
You feel sick. The acid dragon spits acid at you. The splash of acid hits you.
The acid corrodes you!
You are splashed with acid!!
The cyclops throws a large rock.
The large rock barely misses you.
You are too injured to fight recklessly!
You are too injured to fight recklessly!
You barely miss the acid dragon.
The acid dragon is heavily wounded.
You feel sick. The acid dragon spits acid at you. The splash of acid hits you.
You are splashed with acid!
* * * LOW HITPOINT WARNING * * *
The acid dragon closely misses you.
You riposte.
You hit the acid dragon but do no damage.
The acid dragon is heavily wounded.
The acid dragon barely misses you.
You feel sick.
You feel sick.
You feel sick. The acid dragon spits acid at you. The splash of acid hits you.
* * * LOW HITPOINT WARNING * * *
The acid corrodes you!
You are splashed with acid!
* * * LOW HITPOINT WARNING * * *
* * * LOW HITPOINT WARNING * * *
You feel sick.
It was a potion of curing.
You feel better. The acid dragon spits acid at you.
The splash of acid misses you. The acid dragon spits acid at you.
The splash of acid misses you. The acid dragon spits acid at you.
The splash of acid hits you!
You die...

###############################
#..............................
#)......######.########........
#.#####.# #@# #...####. #.# #.#
#.# #...# #. #.# #.# #.# #...#
#. #.# #.# #.# #...# #. #.# #.#
#D# #...# #> #.# #.# #.# #...#
#. #.# #.# #.# #...# #. #)# #.#
#C# #...# #. #.# #.# #.# #...#
#.


You could see a cyclops (summoned) and an acid dragon (summoned, catching
breath).

Vanquished Creatures
  An ugly thing (D:11)
  A centaur zombie (D:10)
  4 komodo dragons
  A troll (shapeshifter) (D:8)
  Grinder (D:6)
  A wyvern (D:11)
  A steam dragon (D:11)
  3 vampire mosquitoes (D:11)
  An orc warrior (D:10)
  A sky beast (D:6)
  Purgy (Sewer)
  A black bear (D:9)
  2 ice beasts
  5 ogres
  2 phantoms
  3 centaurs
  2 kobold brigands
  5 bullfrogs
  5 scorpions (D:6)
  10 killer bees
  14 wights
  5 howler monkeys
  A bullfrog zombie (D:5)
  5 hounds
  8 orc priests
  A centaur skeleton (D:6)
  Crazy Yiuf (D:4)
  An iguana (D:4)
  Natasha (thrice) (D:2)
  7 worker ants
  10 orc wizards
  2 hound zombies
  A hound skeleton (D:9)
  2 worker ant zombies (D:8)
  10 gnolls
  11 adders
  A shadow imp (D:8)
  A white imp (D:7)
  2 oozes
  5 adder skeletons
  6 worms
  4 leopard geckos
  29 orcs
  5 ball pythons
  15 bats
  7 giant cockroaches
  2 goblins
  8 hobgoblins
  2 quokkas
  7 frilled lizards
  15 kobolds
  A leopard gecko skeleton (D:4)
  9 rats
252 creatures vanquished.

Vanquished Creatures (others)
  4 fungi (D:6)
4 creatures vanquished.

Grand Total: 256 creatures vanquished

Notes
Turn   | Place    | Note
-------+----------+-------------------------------------------
     0 | D:1      | DasRunzen the Demigod Conjurer began the quest for the Orb.
     0 | D:1      | Reached XP level 1. HP: 14/14 MP: 5/5
   375 | D:1      | Reached XP level 2. HP: 22/22 MP: 5/7
   756 | D:2      | Noticed Natasha
   774 | D:1      | Learned a level 2 spell: Searing Ray
   778 | D:2      | Killed Natasha
   779 | D:2      | Reached skill level 1 in Fighting
   779 | D:2      | Reached skill level 1 in Armour
   779 | D:2      | Reached XP level 3. HP: 5/28 MP: 3/8
   807 | D:2      | Noticed Natasha
  1032 | D:2      | Killed Natasha
  1097 | D:2      | Noticed Natasha
  1108 | D:2      | Killed Natasha
  1109 | D:2      | Reached skill level 4 in Conjurations
  1109 | D:2      | Reached XP level 4. HP: 13/35 MP: 0/10
  1910 | D:2      | Reached XP level 5. HP: 21/41 MP: 3/11
  2400 | D:3      | Noticed an ice beast
  2408 | D:3      | Killed an ice beast
  3495 | D:3      | Identified a scroll of acquirement
  3495 | D:3      | Acquired the +1 pair of boots of Pathos {Rampage rF++ Str-2
                  | SInv}
  3545 | D:4      | Reached XP level 6. HP: 48/48 MP: 7/13
  3770 | D:4      | Identified the +3 mace "Undertaker" {drain, *Corrode Str+4
                  | SInv}
  4171 | D:4      | Found a runed translucent door.
  4172 | D:4      | Noticed Crazy Yiuf
  4257 | D:4      | Found a staircase to the Ecumenical Temple.
  4347 | D:4      | Reached XP level 7. HP: 48/56 MP: 15/15
  4966 | D:4      | Killed Crazy Yiuf
  5108 | D:5      | Entered Level 5 of the Dungeon
  5276 | D:5      | Reached skill level 5 in Conjurations
  5325 | D:5      | Found a glowing drain.
  5335 | Sewer    | Entered a sewer
  5430 | Sewer    | Noticed Purgy
  5441 | Sewer    | Killed Purgy
  6216 | D:6      | Noticed Grinder
  6220 | D:6      | Reached XP level 8. HP: 66/66 MP: 12/17
  6225 | D:6      | Killed Grinder
  7163 | D:6      | Found the +7 Singing Sword {vorpal, sonic wave}
  7316 | D:6      | Gained mutation: You do not regenerate when monsters are
                  | visible. [potion of mutation]
  7316 | D:6      | Gained mutation: You are partially covered in large bone
                  | plates. (SH +4) [potion of mutation]
  7362 | D:6      | Reached skill level 5 in Dodging
  7417 | D:6      | Reached skill level 6 in Conjurations
  7762 | D:7      | Identified the +1 robe "Wompeuv" {rPois rF+ Slay-6}
  7934 | D:7      | Reached XP level 9. HP: 73/73 MP: 15/20
  8031 | D:7      | Reached skill level 5 in Spellcasting
  8660 | D:7      | Reached skill level 5 in Armour
  8714 | D:7      | Reached skill level 5 in Fighting
  9914 | D:9      | You fall into a shaft and drop 1 floor!
  9914 | D:10     | Entered Level 10 of the Dungeon
  9954 | D:10     | Reached skill level 7 in Conjurations
 10121 | D:10     | Noticed a komodo dragon
 10157 | D:10     | Killed a komodo dragon
 10160 | D:10     | Reached XP level 10. HP: 37/83 MP: 11/22
 10371 | D:10     | Lost mutation: You are partially covered in large bone
                  | plates. (SH +4) [potion of mutation]
 10371 | D:10     | Gained mutation: You possess an exceptional clarity of
                  | mind. [potion of mutation]
 10729 | D:11     | Noticed a cyan ugly thing
 10742 | D:11     | Killed a red ugly thing
 11005 | D:11     | Found Fyot's Assorted Antiques.
 11013 | D:11     | Bought a ruby potion for 23 gold pieces
 11204 | D:11     | Noticed an orange crystal statue
 11466 | D:11     | Reached skill level 8 in Conjurations
 11521 | D:11     | Found a staircase to the Lair.
 11878 | D:11     | Noticed a cyclops
 11907 | D:11     | Killed from afar by an acid dragon

Illustrated notes

Levels and vault maps discovered:
D:1:      saegor_arrival_simple_e, layout_rooms
D:2:      layout_rooms, chequers_ecumenical_altar_grove, tgw_xom, uniq_natasha
D:3:      layout_loops_ring
D:4:      layout_loops_corners, minmay_temple_entry_drinking_statues,
          dk_noncrumbling_3, minmay_checkerbox, uniq_crazy_yiuf_cottage
D:5:      layout_basic, nicolae_vehumet_radiance, cheibrodos_sewer_entry_bend,
          bh_walls_and_bars
D:6:      old_forge, layout_basic, kennysheep_generic_room_3, uniq_grinder
D:7:      layout_basic
D:8:      layout_basic, hangedman_decor_opposing
D:9:      layout_basic
D:10:     layout_roguey
D:11:     layout_long_grid, erik_lair_dragon, serial_shops, shop,
          minmay_statue_bubble

Skill      XL: |  1  2  3  4  5  6  7  8  9 10 |
---------------+-------------------------------+-----
Dodging        | 2 3 4 5 6 7 |  7.1
Spellcasting   | 2 3 4 5 6 |  6.5
Fighting       | 1 2 3 4 6 |  6.7
Armour         | 1 2 3 4 6 |  6.8
Conjurations   | 4 5 6 7 8 |  8.0
Stealth        | |  1.7

Action                   |  1- 3 |  4- 6 |  7- 9 | 10-12 || total
-------------------------+-------+-------+-------+-------++-------
Melee: Mace              |       |    29 |   175 |       ||   204
       Long sword        |       |       |    87 |    41 ||   128
 Cast: Magic Dart        |    28 |    92 |    12 |       ||   132
       Searing Ray       |     4 |    10 |    45 |    22 ||    81
  Use: Scroll            |     2 |     8 |    10 |     3 ||    23
       Potion            |       |       |     1 |     2 ||     3
 Stab: Sleeping          |       |     1 |     2 |       ||     3
       Distracted        |       |       |     1 |     1 ||     2
Armor: Robe              |     1 |    13 |    18 |       ||    32
       Troll leather arm |       |       |   110 |    17 ||   127
Dodge: Dodged            |     7 |    27 |   290 |    82 ||   406
Block: Other             |       |       |    61 |     3 ||    64
       Rpst.: Long sword |       |       |    28 |    21 ||    49

Table legend: (Time is in decaauts)
 A = Elapsed time spent in this place.
 B = Non-inter-level travel time spent in this place.
 C = Inter-level travel time spent in this place.
 D = Time resting spent in this place.
 E = Time spent auto-exploring this place.
 F = Levels seen in this place.
 G = Mean time per level.
                   A        B        C        D        E       F      G
               +--------+--------+--------+--------+--------+-----+--------+
         Total |  12100 |  11539 |    561 |   1143 |   8518 |  12 | 1008.3 |
       Dungeon |  11685 |  11124 |    561 |   1047 |   8280 |  11 | 1062.3 |
         Sewer |    415 |    415 |      0 |     96 |    237 |   1 |  415.0 |
               +--------+--------+--------+--------+--------+-----+--------+

Top non-repeatable levels by time:
     D:4: 1601 daAuts
     D:2: 1452 daAuts
     D:6: 1342 daAuts
     D:3: 1196 daAuts
    D:11: 1190 daAuts
     D:8: 1146 daAuts
     D:7: 1063 daAuts
     D:1: 945 daAuts
     D:5: 878 daAuts
    D:10: 825 daAuts
   Sewer: 415 daAuts
     D:9: 43 daAuts
